AoeStats
← 吸любящий怔отец熏

Black Forest

510525761Analyzed
4v4 RM · 8h ago on Oct 1, 2026· 45m 19s· 8 players
Game mode
Random Map
Map size
Large (8 player)
Population
200
Speed
Normal
Resources
Standard
Victory
Conquest
Starting age
Dark Age
Ending age
Imperial Age
RankedLock teamsTeams togetherTeam positionsShared explorationLock speedFull tech treeHidden civsTurbo modeCheats
Victory
Defeat
🇨🇳 Slavs · China
1159
+9
🇨🇳 Khmer · China
1027
+14
🇨🇳 Burmese · China
945
+17
895
+19
🇹🇼 Chinese · Taiwan
992
-15
🇹🇷 Persians · Türkiye
989
-15
🇳🇴 Khmer · Norway
980
-15
🇩🇪 Ethiopians · Germany
960
-14
mozo815 灰色
0:36 Loom
13:30 Feudal Age
14:26 Horse Collar
14:35 Double-Bit Axe
17:59 Scale Barding Armor
19:24 Bloodlines
24:44 Castle Age
31:49 Wheelbarrow
31:30 Fervor
31:53 Heavy Plow
33:00 Fortified Wall
34:27 Masonry
36:04 Ballistics
39:58 Imperial Age
37:51 Fletching
38:02 Padded Archer Armor
40:15 Thumb Ring
39:31 Crossbowman
40:44 Bow Saw
41:06 Husbandry
41:39 Conscription
41:21 Great Wall
45:47 Chain Barding Armor
45:38 Forging
45:23 Bodkin Arrow
Icke
7:33 Loom
10:33 Feudal Age
15:24 Castle Age
13:30 Horse Collar
13:39 Double-Bit Axe
16:20 Wheelbarrow
16:14 Heavy Plow
16:33 Bow Saw
23:46 Hand Cart
29:49 Imperial Age
27:06 Town Watch
27:56 Murder Holes
28:13 Scale Barding Armor
28:18 Forging
28:56 Royal Heirs
30:25 Chain Barding Armor
30:41 Iron Casting
30:09 Husbandry
30:03 Heavy Camel Rider
31:10 Conscription
32:07 Two-Man Saw
31:37 Guilds
32:15 Gold Mining
32:16 Stone Mining
33:53 Blast Furnace
33:39 Gold Shaft Mining
34:03 Stone Shaft Mining
36:09 Chemistry
36:45 Light Cavalry
36:48 Cavalier
38:20 Hussar
kris10an
14:39 Feudal Age
20:22 Castle Age
32:56 Double-Bit Axe
33:56 Wheelbarrow
33:48 Pikeman
35:18 Hand Cart
36:26 Forging
36:16 Scale Mail Armor
36:22 Scale Barding Armor
36:11 Fletching
40:15 Imperial Age
38:37 Iron Casting
38:17 Chain Mail Armor
38:15 Husbandry
38:26 Bloodlines
40:28 Chain Barding Armor
40:05 Bodkin Arrow
40:47 Bow Saw
40:26 Capped Ram
40:51 Elite Battle Elephant
42:35 Blast Furnace
44:16 Plate Barding Armor
43:48 Bracer
TidierCast1585
0:32 Loom
15:41 Feudal Age
31:52 Castle Age
33:00 Caravan
32:56 Double-Bit Axe
蒸馍
12:45 Feudal Age
15:30 Fletching
25:14 Castle Age
24:33 Double-Bit Axe
25:14 Horse Collar
25:25 Gold Mining
25:27 Stone Mining
27:08 Bow Saw
29:55 Heavy Plow
30:32 Wheelbarrow
31:13 Gold Shaft Mining
32:19 Hand Cart
36:56 Imperial Age
34:41 Forging
34:32 Scale Mail Armor
36:16 Masonry
36:16 Fortified Wall
36:46 Iron Casting
36:26 Chain Mail Armor
35:39 Man-at-Arms
36:31 Squires
36:41 Long Swordsman
37:00 Capped Ram
38:45 Blast Furnace
37:23 Two-Handed Swordsman
38:40 Crop Rotation
37:58 Loom
39:13 Two-Man Saw
38:13 Siege Ram
38:47 Pikeman
39:07 Champion
40:28 Plate Mail Armor
40:03 Halberdier
40:48 Caravan
42:23 Detinets
42:58 Heavy Scorpion
43:23 Onager
44:28 Town Watch
46:02 Conscription
長崎 そよ
0:37 Loom
13:12 Feudal Age
13:38 Double-Bit Axe
19:08 Castle Age
17:50 Wheelbarrow
26:32 Horse Collar
27:14 Bow Saw
27:09 Gold Mining
31:53 Imperial Age
32:05 Gold Shaft Mining
31:23 Stone Mining
32:21 Heavy Plow
32:28 Onager
33:46 Crop Rotation
33:23 Capped Ram
35:19 Chemistry
34:18 Heavy Scorpion
38:44 Siege Engineers
39:00 Ballistics
38:40 Siege Ram
41:19 Caravan
42:13 Double Crossbow
42:37 Conscription
吸любящий怔отец熏
6:55 Loom
13:07 Feudal Age
14:06 Horse Collar
14:12 Double-Bit Axe
17:07 Castle Age
18:04 Heavy Plow
18:40 Wheelbarrow
27:54 Hand Cart
29:13 Gold Mining
29:15 Stone Mining
29:42 Forging
29:37 Scale Barding Armor
29:36 Scale Mail Armor
30:26 Vendel Legacy
31:09 Husbandry
31:20 Bloodlines
31:58 Stone Shaft Mining
32:00 Iron Casting
31:45 Chain Barding Armor
31:08 Treadmill Crane
31:58 Chain Barding Armor
35:42 Imperial Age
33:07 Gambesons
33:22 Squires
33:07 Arson
33:44 Chain Mail Armor
37:36 Conscription
36:37 Elite Jarl
36:38 Gothikon
38:04 Caravan
38:34 Coinage
38:15 Guilds
39:10 Plate Barding Armor
39:36 Blast Furnace
39:07 Plate Mail Armor
38:37 Padded Archer Armor
38:05 Elite Varangian Guard
Death_noob5
11:37 Feudal Age
13:08 Loom
16:39 Castle Age
16:32 Horse Collar
24:02 Wheelbarrow
23:58 Fervor
24:13 Town Watch
25:03 Hand Cart
25:56 Heavy Plow
26:56 Forging
27:04 Gold Mining
27:04 Stone Mining
27:57 Sanctity
27:33 Herbal Medicine
31:26 Imperial Age
30:43 Gold Shaft Mining
33:14 Chemistry
32:21 Siege Engineers
32:08 Fletching
32:50 Onager
34:20 Iron Casting
33:45 Scale Mail Armor
34:29 Crop Rotation
33:48 Treadmill Crane
34:25 Scale Barding Armor
34:15 Bodkin Arrow
36:10 Blast Furnace
35:25 Chain Mail Armor
35:31 Chain Barding Armor
35:12 Bracer
35:12 Padded Archer Armor
35:50 Man-at-Arms
35:53 Pikeman
36:19 Gambesons
36:35 Squires
36:20 Arson
37:21 Conscription
37:03 Manipur Cavalry
37:47 Plate Mail Armor
37:52 Plate Barding Armor
38:08 Ballistics
38:00 Fortified Wall
38:01 Masonry
37:22 Long Swordsman
37:22 Halberdier
38:59 Two-Handed Swordsman
40:17 Caravan
40:50 Coinage
40:31 Guilds
40:18 Champion
Connection lost

Rejoining the realm…

Still unreachable

The connection could not be restored.

Session expired

The server has moved on; the page needs a fresh start.